 Dungeon Crawl Stone Soup version 0.31.0-11-ge490571c62 (webtiles) character file.

Game seed: 9121025655843876480

508 spaghetti the Chopper (level 6, -4/48 HPs)
             Began as a Mummy Berserker on Jan 29, 2024.
             Was an Elder of Trog.
             Slain by Eustachio
             ... wielding a +0 rapier
              (7 damage)
             ... on level 5 of the Dungeon.
             The game lasted 00:04:34 (4252 turns).

spaghetti the Chopper (Mummy Berserker)             Turns: 4252, Time: 00:04:35

Health: -4/48      AC:  5    Str: 22    XL:     6   Next: 98%
Magic:  6/6        EV: 10    Int:  6    God:    Trog [****..]
Gold:   210        SH:  3    Dex: 12    Spells: 5/5 levels left

rFire   . . .        a - +0 hand axe
rCold   + . .        g - +0 buckler
rNeg    + + +        e - +0 ring mail
rPois   ∞            (no helmet)
rElec   .            (no cloak)
rCorr   .            (no gloves)
SInv    .            (no boots)
Will    .....        (no amulet) Stlth
                     m - +4 ring of slaying
HPRegen 0.28/turn    i - ring of protection from fire
MPRegen 0.10/turn

%: faith
@: silenced
A: cold resistance 1, negative energy resistance 3, torment resistance 2, heat
vulnerability 1, in touch with death 1, no potions, faith
a: Renounce Religion


You were on level 5 of the Dungeon.
You worshipped Trog.
Trog was greatly pleased with you.
You visited 1 branch of the dungeon, and saw 5 of its levels.

You collected 210 gold pieces.

Inventory:

Hand Weapons
 a - a +0 hand axe (weapon)
 c - a +4 dagger
Armour
 b - a +0 animal skin
 e - a +0 ring mail (worn)
 g - a +0 buckler (worn)
Jewellery
 i - a ring of protection from fire (right hand)
 l - a ring of magical power
 m - a +4 ring of slaying (left hand)
Wands
 d - a wand of quicksilver (8)
Scrolls
 f - 3 scrolls of teleportation
 h - a scroll of identify
 j - a scroll of enchant weapon
 k - a scroll of noise
 n - a scroll of revelation


   Skills:
 + Level 4.2 Fighting
 * Level 4.8 Axes
 + Level 3.9 Armour
 - Level 1.5 Dodging


You had 5 spell levels left.
You didn't know any spells.
Your spell library was empty.

Dungeon Overview and Level Annotations

Branches:
Dungeon (5/15)
 Temple: D:4-7

Altars:
Sif Muna

Annotations:
D:5 Eustachio


Innate Abilities, Weirdness & Mutations

You are immune to poison.
Your flesh is cold resistant. (rC+)
You are immune to negative energy. (rN+++)
You are immune to unholy pain and torment.
You are vulnerable to heat. (rF-)
You are in touch with the powers of death.
You do not drink.
You have a special connection with the divine. (Faith)


Message History

The rat's corpse disappears in a puff of smoke!
Eustachio barely misses you. You block the quasit's attack. x2
The quasit barely misses you.
You closely miss Eustachio.
Eustachio is heavily wounded.
You barely miss the quasit. Eustachio hits you with a +0 rapier.
The quasit closely misses you. The quasit barely misses you. x2
You are too injured to fight recklessly!
You are too injured to fight recklessly!
You are too injured to fight recklessly!
You are too injured to fight recklessly!
You are too injured to fight recklessly!
You are too injured to fight recklessly!
You are too injured to fight recklessly!
You are too injured to fight recklessly!
You are too injured to fight recklessly!
You are too injured to fight recklessly!
You are too injured to fight recklessly!
You are too injured to fight recklessly!
You are too injured to fight recklessly!
You are too injured to fight recklessly!
You are too injured to fight recklessly!
The air fills with toxic fumes!
As you read the scroll of poison, it crumbles to dust.
The quasit bites you.
The quasit claws you. x2; Eustachio barely misses you.
The iron imp hits you. The quasit closely misses you.
The quasit claws you but does no damage.
The quasit misses you.
The crimson imp hits you but does no damage.
As you read the scroll of silence, it crumbles to dust.
A profound silence engulfs you. Eustachio hits you with a +0 rapier!
* * * LOW HITPOINT WARNING * * *
The quasit barely misses you. The quasit closely misses you.
The quasit claws you but does no damage.
The iron imp hits you.
* * * LOW HITPOINT WARNING * * *
You block the crimson imp's attack.
Okay, then.
Eustachio hits you with a +0 rapier!
You die...

##### .# #§§§# .
#§§§# . #§§§# #.
#§§#
####§###§§####+#
..§§§§§<§§§.§§§#
..§§§§§§§5@§§§§+
#.§§§§§.5.@.§§§#
#.§§§##§§§5§§§§#
###+# #§§§##§§§#
#§§§# #### #§§§#
#§§§+ ##§§# #§§#


You could see Eustachio, an iron imp (summoned), a quasit (summoned) and a
crimson imp (summoned, unsilenced).

Vanquished Creatures
  An ice beast (D:4)
  2 bombardier beetles (D:4)
  2 hounds (D:4)
  A sleepcap (D:4)
  Jessica (D:3)
  2 iguanas
  8 adders
  2 ribbon worms
  3 dart slugs
  8 orcs
  5 ball pythons
  15 endoplasms
  4 giant cockroaches
  10 goblins
  12 hobgoblins
  3 jackals (D:1)
  4 quokkas (D:1)
  4 bats
  2 frilled lizards (D:2)
  8 kobolds
  7 rats
104 creatures vanquished.

Notes
Turn   | Place    | Note
-------+----------+-------------------------------------------
     0 | D:1      | spaghetti the Mummy Berserker began the quest for the Orb.
     0 | D:1      | Reached XP level 1. HP: 18/18 MP: 1/1
   205 | D:1      | Reached XP level 2. HP: 16/24 MP: 2/2
   411 | D:1      | Reached ** piety under Trog
   616 | D:1      | Reached XP level 3. HP: 29/29 MP: 3/3
  1255 | D:2      | Reached XP level 4. HP: 34/35 MP: 4/4
  1588 | D:2      | Reached *** piety under Trog
  2053 | D:3      | Reached XP level 5. HP: 42/42 MP: 5/5
  2646 | D:3      | Found a shimmering blue altar of Sif Muna.
  2930 | D:3      | Noticed Jessica
  2937 | D:3      | Killed Jessica
  3122 | D:4      | Reached **** piety under Trog
  3320 | D:4      | Reached XP level 6. HP: 34/48 MP: 6/6
  3789 | D:4      | Noticed an ice beast
  3801 | D:4      | Killed an ice beast
  4228 | D:5      | Entered Level 5 of the Dungeon
  4228 | D:5      | Noticed Eustachio
  4252 | D:5      | Slain by Eustachio

Illustrated notes

Levels and vault maps discovered:
D:1:      minmay_arrival_arboretum_small, layout_loops_corners,
          minmay_misc_feat_rows
D:2:      layout_basic, kennysheep_nub, nicolae_elevator_lobby_plus
D:3:      layout_basic, hellmonk_sif_muna_bookshelves, fountainhead,
          uniq_jessica
D:4:      layout_basic, lemuel_coloured_pillars_altar, minmay_liquid_box,
          corexii_corridor_pit, grunt_decor_resistance
D:5:      layout_gridville, xom_teletrap_fun, uniq_eustachio, uniq_ijyb

Skill      XL: |  1  2  3  4  5 |
---------------+----------------+-----
Axes           | 3 4 |  4.8
Armour         | 2 3 |  3.9
Fighting       | 4 |  4.2
Dodging        | |  1.5

Action                     |  1- 3 |  4- 6 || total
---------------------------+-------+-------++-------
  Melee: Hand axe          |   121 |    87 ||   208
         Punch             |     1 |       ||     1
         Dagger            |    15 |   160 ||   175
  Evoke: Wand              |       |     3 ||     3
    Use: Scroll            |     4 |     6 ||    10
 Armour: Animal skin       |    22 |       ||    22
         Ring mail         |    60 |   161 ||   221
  Dodge: Dodged            |    88 |   127 ||   215
  Block: Buckler           |     4 |    28 ||    32
